 Dungeon Crawl Stone Soup version 0.30-a0-702-gdf48620a09 (webtiles) character file.

Game seed: 13811858121957344398

1790 Leeroy the Gusty (level 9, -1/48 HPs)
             Began as a Tengu Warper on Jan 21, 2023.
             Slain by a hornet (15 damage)
             ... while paralysed by a hornet
             ... on level 8 of the Dungeon.
             The game lasted 00:12:41 (5636 turns).

Leeroy the Gusty (Tengu Warper)                     Turns: 5636, Time: 00:12:41

Health: -1/48      AC:  5    Str: 11    XL:     9   Next: 8%
Magic:  19/19      EV:  2    Int: 15    God:
Gold:   351        SH:  0    Dex: 17    Spells: 11/20 levels left

rFire   . . .      SeeInvis .    p - +5 dagger (venom)
rCold   . . .      Faith    .    (no shield)
rNeg    . . .      Spirit   .    b - +0 leather armour
rPois   .          Reflect  .    (helmet restricted)
rElec   .          Harm     .    C - +1 cloak
rCorr   .          Rampage  .    (no gloves)
Will    .....                    (boots unavailable)
Stlth   +                        (no amulet)
HPRegen 0.28/turn                (no ring)
MPRegen 0.16/turn                (no ring)

@: paralysed, lethally poisoned (-1 -> -7), about to teleport, flying quickly
and evasively, quick
A: beak, talons 3, nimble flight
a: no special abilities


You were on level 8 of the Dungeon.
You visited 1 branch of the dungeon, and saw 8 of its levels.

You collected 351 gold pieces.

Inventory:

Hand Weapons
 a - a +0 falchion
 e - a +1 antimagic short sword
 p - a +5 dagger of venom (weapon)
 w - a +2 dagger of venom
 H - a +1 short sword of speed
Missiles
 d - 7 boomerangs of dispersal
 j - 2 boomerangs (quivered)
 F - a throwing net
Armour
 b - a +0 leather armour (worn)
 g - an orb of guile
 C - a +1 cloak (worn)
 I - a +1 scale mail of positive energy
Jewellery
 m - an amulet of reflection
Wands
 E - a wand of charming (3)
 G - a wand of light (7)
Scrolls
 c - 2 scrolls of blinking
 l - a scroll of immolation
 n - a scroll of noise
 o - a scroll of brand weapon
 q - 2 scrolls of magic mapping
 r - a scroll of summoning
 t - 2 scrolls of amnesia
 u - a scroll of identify
 x - 2 scrolls of poison {unknown}
 y - 2 scrolls of fog {unknown}
 D - a scroll of silence {unknown}
 J - a scroll of enchant weapon {unknown}
Potions
 f - a potion of cancellation {unknown}
 h - 2 potions of haste {unknown}
 i - 2 potions of curing
 k - a potion of might {unknown}
 s - 2 potions of ambrosia {unknown}
 z - a potion of heal wounds {unknown}
 A - a potion of attraction {unknown}
 B - 2 potions of magic {unknown}


   Skills:
 + Level 2.3 Fighting
 * Level 5.7 Long Blades
 - Level 1.0 Throwing
 - Level 1.1 Armour
 - Level 4.7 Dodging
 - Level 6.3 Spellcasting
 - Level 4.0 Translocations
 - Level 7.0 Air Magic


You had 11 spell levels left.
You knew the following spells:

 Your Spells              Type           Power      Damage    Failure   Level
a - Blink                 Tloc           32%        N/A       5%          2
b - Vhi's Electric Charg  Tloc/Air       42%        N/A       6%          3
c - Manifold Assault      Tloc           16%        N/A       34%         4

Your spell library contained the following spells:

 Spells                   Type           Power      Damage    Failure   Level
 Lesser Beckoning         Tloc           32%        N/A       5%          2
 Gell's Gravitas          Tloc           16%        N/A       11%         3
 Teleport Other           Tloc           16%        N/A       11%         3
 Freezing Cloud           Conj/Ice/Air   5%         6-21      89%         5
 Dispersal                Tloc           8%         N/A       99%         6
 Simulacrum               Ice/Necr       2%         N/A       100%        6
 Polar Vortex             Ice            2%         N/A       100%        9


Dungeon Overview and Level Annotations

Branches:
Dungeon (8/15)
 Temple: D:4-7         Lair: D:8-11

Altars:
Elyvilon
Yredelemnul
The Shining One

Annotations:
D:4 Sigmund


Innate Abilities, Weirdness & Mutations

You have a beak for a mouth.
You have claws for feet.
Your magical nature lets you fly swiftly and evasively.


Message History

It is a scroll of enchant armour.
Your +0 cloak glows green for a moment.
As you read the scroll labelled PUKUFRODUR, it crumbles to dust.
You feel strangely unstable.
It was a scroll of teleportation.
Found 12 gold pieces.
Your surroundings suddenly seem different.
Found a leather armour.
k - a bubbling golden potion A hornet comes into view.
A hornet is nearby!
You hear the hiss of a very distant avalanche of sand.
Found a scroll of identify.
Found a stone staircase leading down.
A hornet and an orc come into view.
The hornet buzzes angrily.
The hornet moves out of view.
Found a stone staircase leading down.
The orc shouts!
An orc comes into view. It is wielding a +0 club.
An orc warrior and an orc come into view.
The orc warrior shouts!
You see here a scroll of identify.
u - a scroll of identify The orc warrior unwields a +0 mace.
The orc warrior wields a +0 arbalest.
The orc warrior shoots a bolt.
The bolt misses you.
As you read the scroll of teleportation, it crumbles to dust.
You feel strangely unstable. The hornet misses you.
An orc priest comes into view. It is wielding a +0 club.
The orc warrior shoots a bolt.
The bolt hits you!
The orc shouts!
The orc priest shouts!
You hit the hornet. You claw the hornet, but do no damage.
Your peck misses the hornet.
The hornet is lightly wounded.
The hornet barely misses you.
The orc priest calls down the wrath of Beogh upon you.
Beogh smites you! The hornet stings you!
You are poisoned.
You suddenly lose the ability to move!
You feel sick. The orc hits you but does no damage. The hornet stings you!
You die...

#..... ...o. #..oo #.o..
#.... #..>.## #...o.####
####
##....@...##########...
#.....y................
........########........
........# ####.....
........# ######
#........ ##..###.. #..
### #.


You could see a hornet, an orc warrior, an orc priest and 3 orcs.

Vanquished Creatures
  3 water moccasins
  An orc warrior (D:5)
  A black bear (D:6)
  An ogre (D:5)
  A centaur (D:6)
  A kobold brigand (D:6)
  A bullfrog (D:6)
  2 necrophages
  A scorpion (D:5)
  A crimson imp (D:5)
  A hound (D:6)
  3 orc priests
  A gnoll bouda (D:6)
  2 jellies
  Jessica (D:2)
  3 iguanas
  6 orc wizards
  Natasha (thrice) (D:2)
  Robin (D:4)
  5 adders
  7 gnolls
  A white imp (D:5)
  2 ufetubi
  A worm (D:2)
  3 dart slugs
  15 orcs
  5 ball pythons
  4 endoplasms
  2 giant cockroaches
  12 goblins
  7 hobgoblins
  5 quokkas
  3 bats (D:1)
  A frilled lizard (D:2)
  13 kobolds
  2 rats (D:3)
122 creatures vanquished.

Notes
Turn   | Place    | Note
-------+----------+-------------------------------------------
     0 | D:1      | Leeroy the Tengu Warper began the quest for the Orb.
     0 | D:1      | Reached XP level 1. HP: 12/12 MP: 4/4
    30 | D:1      | Reached XP level 2. HP: 8/17 MP: 6/6
   355 | D:1      | Reached XP level 3. HP: 18/21 MP: 7/7
   611 | D:2      | Noticed Natasha
   622 | D:2      | Killed Natasha
   629 | D:2      | Learned a level 2 spell: Blink
   633 | D:2      | Learned a level 3 spell: Vhi's Electric Charge
   715 | D:2      | Noticed Jessica
   724 | D:2      | Killed Jessica
   725 | D:2      | Reached skill level 5 in Long Blades
   725 | D:2      | Reached XP level 4. HP: 14/26 MP: 8/8
   813 | D:2      | Noticed Natasha
   821 | D:2      | Killed Natasha
   822 | D:2      | Reached skill level 1 in Air Magic
  1069 | D:2      | Gained mutation: Your magical nature lets you fly swiftly
                  | and evasively. [Tengu growth]
  1069 | D:2      | Reached XP level 5. HP: 25/30 MP: 9/9
  1291 | D:3      | Reached skill level 2 in Air Magic
  1602 | D:3      | Reached skill level 3 in Air Magic
  1604 | D:3      | Reached XP level 6. HP: 19/35 MP: 10/10
  2287 | D:2      | Noticed Natasha
  2294 | D:2      | Killed Natasha
  2585 | D:4      | Noticed Robin
  2598 | D:4      | Killed Robin
  2604 | D:4      | Reached skill level 4 in Air Magic
  2681 | D:4      | Noticed Sigmund
  2686 | D:5      | Entered Level 5 of the Dungeon
  2696 | D:5      | Noticed a water moccasin
  2706 | D:5      | Killed a water moccasin
  2707 | D:5      | Reached XP level 7. HP: 22/40 MP: 7/12
  2904 | D:5      | HP: 2/40 [poisoned by a water moccasin]
  3811 | D:5      | Reached skill level 5 in Air Magic
  4097 | D:5      | Reached XP level 8. HP: 34/44 MP: 11/15
  4485 | D:5      | Learned a level 4 spell: Manifold Assault
  4524 | D:6      | Reached skill level 5 in Spellcasting
  4550 | D:6      | Reached skill level 6 in Air Magic
  4857 | D:6      | Found a glowing golden altar of the Shining One.
  4980 | D:6      | Found a white marble altar of Elyvilon.
  5238 | D:6      | Found a basalt altar of Yredelemnul.
  5285 | D:7      | Reached skill level 7 in Air Magic
  5285 | D:7      | Reached XP level 9. HP: 47/48 MP: 15/19
  5572 | D:8      | Noticed a hornet
  5630 | D:8      | Noticed a hornet
  5635 | D:8      | Paralysed by a hornet for 3 turns
  5636 | D:8      | Slain by a hornet

Illustrated notes

Levels and vault maps discovered:
D:1:      lightli_arrival_maybe_door_vault, layout_rooms
D:2:      layout_basic, uniq_natasha, uniq_jessica
D:3:      layout_basic
D:4:      layout_loops_ring, lemuel_tele_altar,
          worldfamousw_hep_ancestral_shrine, mainiacjoe_overflow_swirl,
          minmay_temple_entry_poolview, minmay_pentomino_pile, uniq_sigmund,
          uniq_robin
D:5:      layout_loops_ring, minmay_fire_ice_demons
D:6:      layout_cave_pools, kennysheep_ying_yang, marbit_many_paths
D:7:      layout_cave_pools, lemuel_doored_altar, okawaru_ov_weapons_minmay,
          serial_shops, nicolae_shop_window_shopping, gammafunk_ghost_cemetery,
          nicolae_kite_square_tiling_tiny, chequers_serial_rivers_micro_c,
          uniq_maggie
D:8:      gammafunk_sealed_arena, layout_layer_cave, general_overflow_altar,
          enter_ossuary_1, serial_shops, kennysheep_mini

Skill      XL: |  1  2  3  4  5  6  7  8 |
---------------+-------------------------+-----
Long Blades    | 3 5 |  5.7
Air Magic      | 1 3 4 5 7 |  7.0
Translocations | 3 4 |  4.0
Spellcasting   | 4 6 |  6.3
Dodging        | 4 |  4.7
Fighting       | |  2.3
Throwing       | |  1.0
Armour         | |  1.1

Action                   |  1- 3 |  4- 6 |  7- 9 || total
-------------------------+-------+-------+-------++-------
Melee: Falchion          |    57 |       |       ||    57
       Kick              |    10 |    32 |    54 ||    96
       Peck              |     3 |    26 |    37 ||    66
       Punch             |     1 |     2 |     1 ||     4
       Dagger            |       |   118 |   160 ||   278
Throw: Boomerang         |       |     1 |    24 ||    25
 Cast: Vhi's Electric Ch |       |     3 |    30 ||    33
       Blink             |       |       |     2 ||     2
  Use: Scroll            |       |       |     9 ||     9
 Stab: Sleeping          |       |     1 |       ||     1
Armor: Leather armour    |     8 |    11 |    27 ||    46
Dodge: Dodged            |    29 |    58 |    80 ||   167

Table legend: (Time is in decaauts)
 A = Elapsed time spent in this place.
 B = Non-inter-level travel time spent in this place.
 C = Inter-level travel time spent in this place.
 D = Time resting spent in this place.
 E = Time spent auto-exploring this place.
 F = Levels seen in this place.
 G = Mean time per level.
                   A        B        C        D        E       F      G
               +--------+--------+--------+--------+--------+-----+--------+
         Total |   5366 |   5161 |    205 |    449 |   3598 |   8 |  670.8 |
       Dungeon |   5366 |   5161 |    205 |    449 |   3598 |   8 |  670.8 |
               +--------+--------+--------+--------+--------+-----+--------+

Top non-repeatable levels by time:
     D:5: 1484 daAuts
     D:6: 947 daAuts
     D:2: 899 daAuts
     D:3: 724 daAuts
     D:1: 533 daAuts
     D:4: 430 daAuts
     D:8: 240 daAuts
     D:7: 106 daAuts
